 Dungeon Crawl Stone Soup version 0.29.1-1-gd02db6906a (webtiles) character file.

Game seed: 4941950280624691654

589 raistware the Conjurer (level 7, -2/41 HPs)
             Began as an Octopode Conjurer on Oct 19, 2022.
             Slain by Crazy Yiuf
             ... wielding a +3 quarterstaff of chaos
              (14 damage)
             ... on level 4 of the Dungeon.
             The game lasted 00:07:33 (3966 turns).

raistware the Conjurer (Octopode Conjurer)          Turns: 3966, Time: 00:07:34

Health: -2/41      AC:  1    Str:  7    XL:     7   Next: 38%
Magic:  13/13      EV: 13    Int: 22    God:
Gold:   239        SH:  0    Dex: 10    Spells: 9/14 levels left

rFire   + . .      SeeInvis +   w - +2 hand axe (vorpal)
rCold   . . .      Faith    .   (no shield)
rNeg    + . .      Spirit   .   (helmet restricted)
rPois   .          Reflect  .   r - amulet of regeneration
rElec   .          Harm     .   d - ring of see invisible
rCorr   .          Rampage  .   h - ring of protection from fire
Will    .....      NoTele   +   m - ring of positive energy
Stlth   +++.......              (no ring)
HPRegen 0.93/turn               (no ring)
MPRegen 0.13/turn               (no ring)
                                (no ring)
                                (no ring)

@: immobile, very slightly contaminated
A: almost no armour, amphibious, 8 rings, camouflage 1, gelatinous body 1,
(nimble swimmer 1), tentacles
a: no special abilities


You were on level 4 of the Dungeon.
You visited 1 branch of the dungeon, and saw 4 of its levels.

You collected 239 gold pieces.

Inventory:

Hand Weapons
 w - a +2 vorpal hand axe (weapon)
Jewellery
 d - a ring of see invisible (left tentacle)
 h - a ring of protection from fire (right tentacle)
 m - a ring of positive energy (on tentacle)
 r - an amulet of regeneration (around mantle)
 s - an amulet of the acrobat
Wands
 o - a wand of flame (13)
Scrolls
 b - 2 scrolls of blinking {unknown}
 c - a scroll of summoning {unknown}
 e - 3 scrolls of fog {unknown}
 i - 4 scrolls of identify {unknown}
 j - 2 scrolls of amnesia {unknown}
 u - a scroll of vulnerability {unknown}
 v - a scroll of brand weapon {unknown}
 x - a scroll of teleportation {unknown}
Potions
 f - 2 potions of haste {unknown}
 g - a potion of attraction {unknown}
 k - a potion of might {unknown}
 l - 5 potions of curing {unknown}
 n - a potion of ambrosia {unknown}
 p - a potion of invisibility {unknown}
 q - a potion of lignification {unknown}
 t - a potion of mutation {unknown}


   Skills:
 - Level 2.0 Dodging
 - Level 3.0 Stealth
 - Level 4.0 Spellcasting
 + Level 7.4 Conjurations
 - Level 2.0 Translocations


You had 9 spell levels left.
You knew the following spells:

 Your Spells              Type           Power      Damage    Failure   Level
a - Magic Dart            Conj           100%       1d8       1%          1
b - Iskenderun's Mystic   Conj/Tloc      25%        2d7       16%         4

Your spell library contained the following spells:

 Spells                   Type           Power      Damage    Failure   Level
 Searing Ray              Conj           74%        2d7       1%          2
 Conjure Flame            Conj/Fire      20%        6-21      8%          3
 Dazzling Flash           Conj/Hex       40%        N/A       8%          3
 Fulminant Prism          Conj/Hex       10%        3d9       24%         4
 Sticky Flame             Conj/Fire      20%        2d4       24%         4
 Ignite Poison            Fire/Tmut/Pois 4%         N/A       32%         3


Dungeon Overview and Level Annotations

Branches:
Dungeon (4/15)
 Temple: D:4-7

Altars:
Elyvilon
Zin
The Shining One

Shops:
D:1 (

Annotations:
D:2 Sigmund
D:3 2 transporters, t4s4d4r's ghost, amateur MeEE
D:4 Crazy Yiuf


Innate Abilities, Weirdness & Mutations

You cannot wear most types of armour.
You are amphibious.
You can wear up to eight rings at the same time.
Your skin changes colour to match your surroundings (Stealth+).
Your rubbery body absorbs attacks. (AC +1, EV +1)
((You are camouflaged when in or above water. (Stealth+)))
You have tentacles for arms and can constrict up to eight enemies at once.


Message History

Press: ? - help, Shift-Dir - straight line, f - Crazy Yiuf
Aim: Crazy Yiuf, wielding a +3 quarterstaff of chaos and wearing a +0 cloak (100% to hit)
The magic dart hits Crazy Yiuf.
Crazy Yiuf is lightly wounded.
Casting: Magic Dart (safe; 1% risk of failure)
Confirm with . or Enter, or press ? or * to list all spells.
Aiming: Magic Dart (safe; 1% risk of failure)
Press: ? - help, Shift-Dir - straight line, f/p - Crazy Yiuf
Aim: Crazy Yiuf, wielding a +3 quarterstaff of chaos and wearing a +0 cloak (lightly wounded, 100% to hit)
The magic dart hits Crazy Yiuf.
Crazy Yiuf is moderately wounded.
Crazy Yiuf yells, "Cake!
Paint foot head."
Casting: Magic Dart (safe; 1% risk of failure)
Confirm with . or Enter, or press ? or * to list all spells.
The spell is quite dangerous to miscast (16% risk of failure)!
Continue anyway?
You erupt in a blast of force!
The mystic blast hits Crazy Yiuf but does no damage.
Crazy Yiuf is moderately wounded.
Crazy Yiuf hits you with a +3 quarterstaff of chaos!
Crazy Yiuf freezes you.
Casting: Iskenderun's Mystic Blast (quite dangerous; 16% risk of failure)
Confirm with . or Enter, or press ? or * to list all spells.
The spell is quite dangerous to miscast (16% risk of failure)!
Continue anyway?
You miscast Iskenderun's Mystic Blast.
You are very lightly contaminated with residual magic.
Space bends around you.
You are magically locked in place.
Crazy Yiuf hits you with a +3 quarterstaff of chaos.
Unknown command.
Casting: Iskenderun's Mystic Blast (quite dangerous; 16% risk of failure)
Confirm with . or Enter, or press ? or * to list all spells.
You don't have enough magic to cast this spell.
You closely miss Crazy Yiuf. Your grab misses Crazy Yiuf.
Crazy Yiuf is moderately wounded.
Crazy Yiuf hits you with a +3 quarterstaff of chaos!
* * * LOW HITPOINT WARNING * * *
You feel your power leaking away. Magic courses through your body.
Crazy Yiuf screams, "East horse agre!"
Crazy Yiuf hits you with a +3 quarterstaff of chaos!
You die...

..#..........
......[......
.............
#####......#.
#........ #...###..
### #####.[#....
#)))### ##..#.#.#....
#...g@####............
#...##..#)............
### ###)#...#........
#######........
#........ #........
#........ ..........
.#.........


You could see Crazy Yiuf.

Vanquished Creatures
  Grinder (D:3)
  A phantom (D:4)
  A necrophage (D:4)
  A scorpion (D:4)
  Jessica (D:3)
  An iguana (D:4)
  8 adders
  2 worms (D:3)
  A dart slug (D:2)
  3 orcs (D:4)
  5 ball pythons
  6 endoplasms
  5 giant cockroaches
  2 goblins (D:4)
  4 hobgoblins
  8 jackals
  5 kobolds
  4 quokkas
  3 bats
  3 frilled lizards
  9 rats
74 creatures vanquished.

Notes
Turn   | Place    | Note
-------+----------+-------------------------------------------
     0 | D:1      | raistware the Octopode Conjurer began the quest for the
                  | Orb.
     0 | D:1      | Reached XP level 1. HP: 11/11 MP: 3/3
   129 | D:1      | Found a faded altar of an unknown god.
   284 | D:1      | Found Viwali's Antique Weapon Shop.
   288 | D:1      | Reached XP level 2. HP: 17/17 MP: 2/5
   723 | D:1      | Reached XP level 3. HP: 21/21 MP: 5/7
  1158 | D:2      | Reached skill level 1 in Translocations
  1409 | D:2      | Noticed Sigmund
  1560 | D:2      | Reached XP level 4. HP: 19/27 MP: 1/9
  2341 | D:3      | Noticed Jessica
  2345 | D:3      | Killed Jessica
  2346 | D:3      | Reached XP level 5. HP: 26/31 MP: 5/11
  2351 | D:3      | Learned a level 4 spell: Iskenderun's Mystic Blast
  3046 | D:3      | Identified the +3 dire flail of Prescription {vorpal, rF++
                  | rC- Dex+2}
  3046 | D:3      | Noticed an ogre
  3048 | D:3      | Noticed t4s4d4r's ghost (amateur MeEE)
  3056 | D:3      | Noticed an ogre
  3058 | D:3      | Found a transporter.
  3062 | D:3      | Found a transporter.
  3214 | D:4      | Reached skill level 5 in Conjurations
  3299 | D:4      | Noticed a phantom
  3429 | D:4      | Reached XP level 6. HP: 31/36 MP: 3/12
  3638 | D:4      | Reached skill level 6 in Conjurations
  3763 | D:4      | Noticed Grinder
  3780 | D:3      | Killed Grinder
  3781 | D:3      | Reached skill level 7 in Conjurations
  3781 | D:3      | Reached XP level 7. HP: 29/41 MP: 4/13
  3851 | D:4      | Found a glowing silver altar of Zin.
  3851 | D:4      | Found a white marble altar of Elyvilon.
  3852 | D:4      | Found a glowing golden altar of the Shining One.
  3956 | D:4      | Found a runed translucent door.
  3957 | D:4      | Noticed Crazy Yiuf
  3966 | D:4      | Slain by Crazy Yiuf

Illustrated notes

Levels and vault maps discovered:
D:1:      dpeg_arrival_tiny_h, layout_loops_ring, serial_shops,
          nicolae_shop_waterfront, hellmonk_ecumenical_altar_lost_god
D:2:      layout_rooms, uniq_sigmund
D:3:      layout_basic, gammafunk_ghost_smash, uniq_jessica
D:4:      layout_cave_pools, good_gods_temple_1, grunt_gozag_breadcrumbs,
          serial_park_tiny_1, minmay_fractal_squares_5, uniq_crazy_yiuf_cottage,
          uniq_grinder, uniq_pikel

Skill      XL: |  1  2  3  4  5  6 |
---------------+-------------------+-----
Spellcasting   | 3 4 |  4.0
Translocations | 1 2 |  2.0
Stealth        | 3 |  3.0
Conjurations   | 5 7 |  7.4
Dodging        | |  2.0

Action                   |  1- 3 |  4- 6 |  7- 9 || total
-------------------------+-------+-------+-------++-------
Melee: Unarmed           |    10 |     5 |       ||    15
       Constrict         |     3 |     3 |     1 ||     7
       Tentacles         |     2 |     4 |     2 ||     8
       Hand axe          |       |    11 |     4 ||    15
 Cast: Magic Dart        |    67 |    91 |    11 ||   169
       Iskenderun's Myst |       |     2 |     1 ||     3
Evoke: Wand              |       |     2 |       ||     2
  Use: Potion            |       |       |     1 ||     1
 Stab: Sleeping          |     1 |       |       ||     1
Armor: Skin              |       |     3 |     1 ||     4
Dodge: Dodged            |     8 |    18 |     3 ||    29
